 Dungeon Crawl Stone Soup version 0.31-a0-596-g831eee08f1 (webtiles) character file.

Game seed: 5641413931232537908

1033 cforsyth the Charlatan (level 8, -12/60 HPs)
             Began as a Gnoll Artificer on Aug 21, 2023.
             Mangled by an orc wizard
             ... wielding a +2 dagger of electrocution
              (19 damage)
             ... on level 5 of the Dungeon.
             The game lasted 00:07:41 (6044 turns).

cforsyth the Charlatan (Gnoll Artificer)            Turns: 6044, Time: 00:07:41

Health: -12/60     AC:  6    Str: 11    XL:     8   Next: 24%
Magic:  12/12      EV: 12    Int: 14    God:
Gold:   343        SH:  0    Dex: 12    Spells: 13/13 levels left

rFire   . . .        t - +1 dagger (freeze)
rCold   + . .        (no shield)
rNeg    . . .        b - +0 leather armour
rPois   .            (no helmet)
rElec   .            q - +0 cloak
rCorr   .            o - +0 pair of gloves
SInv    .            (no boots)
Will    .....        (no amulet)
Stlth   ++           r - ring of protection from cold
HPRegen 0.30/turn    (no ring)
MPRegen 0.13/turn

%: no passive effects
@: no status effects
A: fangs 1, strong nose, distributed training
a: no special abilities


You were on level 5 of the Dungeon.
You visited 1 branch of the dungeon, and saw 5 of its levels.

You collected 343 gold pieces.

Inventory:

Hand Weapons
 a - a +0 club
 t - a +1 dagger of freezing (weapon)
Armour
 b - a +0 leather armour (worn)
 e - a +0 chain mail
 o - a +0 pair of gloves (worn)
 q - a +0 cloak (worn)
Jewellery
 r - a ring of protection from cold (left hand)
Wands
 d - a wand of charming (13)
Scrolls
 c - a scroll of revelation {unknown}
 f - 3 scrolls of acquirement {unknown}
 g - a scroll of silence {unknown}
 h - 5 scrolls of identify {unknown}
 i - a scroll of vulnerability {unknown}
 j - 2 scrolls of enchant weapon {unknown}
 l - a scroll of enchant armour {unknown}
 m - a scroll of noise {unknown}
 p - 2 scrolls of teleportation {unknown}
 s - a scroll of fear {unknown}
 u - 2 scrolls of immolation {unknown}
 y - 3 scrolls of blinking {unknown}
Potions
 k - a potion of curing {unknown}
 n - 3 potions of resistance {unknown}
 v - a potion of invisibility {unknown}
 w - a potion of heal wounds {unknown}
 x - a potion of attraction {unknown}
 z - a potion of lignification {unknown}


   Skills:
 + Level 4.1 Fighting
 + Level 3.1 Short Blades
 + Level 3.1 Long Blades
 + Level 3.1 Axes
 + Level 3.1 Maces & Flails
 + Level 3.1 Polearms
 + Level 3.1 Staves
 + Level 3.1 Ranged Weapons
 + Level 3.1 Throwing
 + Level 5.6 Armour
 + Level 4.1 Dodging
 + Level 4.0 Stealth
 + Level 3.1 Shields
 + Level 3.1 Unarmed Combat
 + Level 3.1 Spellcasting
 + Level 2.5 Conjurations
 + Level 2.5 Hexes
 + Level 2.5 Summonings
 + Level 2.5 Necromancy
 + Level 2.5 Translocations
 + Level 2.5 Transmutations
 + Level 2.5 Fire Magic
 + Level 2.5 Ice Magic
 + Level 2.5 Air Magic
 + Level 2.5 Earth Magic
 + Level 2.5 Poison Magic
 + Level 3.4 Invocations
 + Level 7.3 Evocations
 + Level 2.5 Shapeshifting


You had 13 spell levels left.
You didn't know any spells.
Your spell library contained the following spells:

 Spells                   Type           Power      Damage    Failure   Level
 Magic Dart               Conj           36%        1d4       10%         1
 Lesser Beckoning         Tloc           18%        N/A       14%         2
 Searing Ray              Conj           18%        2d5       14%         2
 Call Canine Familiar     Summ           9%         N/A       28%         3
 Gell's Gravitas          Tloc           9%         N/A       28%         3
 Portal Projectile        Hex/Tloc       18%        N/A       28%         3
 Teleport Other           Tloc           9%         N/A       28%         3
 Tukima's Dance           Hex            9%         N/A       28%         3
 Vhi's Electric Charge    Tloc/Air       18%        N/A       28%         3
 Fulminant Prism          Conj/Hex       4%         3d5       67%         4
 Iskenderun's Mystic Bla  Conj/Tloc      9%         2d4       67%         4
 Leda's Liquefaction      Hex/Erth       4%         N/A       67%         4
 Arcjolt                  Conj/Air       4%         1d14      95%         5
 Maxwell's Capacitive Co  Air            4%         ∞         100%        8


Dungeon Overview and Level Annotations

Branches:
Dungeon (5/15)
 Temple: D:4-7

Altars:
Fedhas
Kikubaaqudgha
Nemelex Xobeh
Okawaru
The Shining One

Annotations:
D:5 Edmund


Innate Abilities, Weirdness & Mutations

You have very sharp teeth.
Your uncanny sense of smell can sniff out nearby items.
Your experience applies equally to all skills.


Message History

The orc wizard is moderately wounded.
The orc wizard misses you.
You closely miss the orc wizard.
The orc wizard is moderately wounded.
You hit the orc wizard. You freeze the orc wizard.
The orc wizard is heavily wounded.
The orc wizard hits you with a +0 dagger.
You closely miss the orc wizard. You punch the orc wizard.
Your bite misses the orc wizard.
The orc wizard is heavily wounded.
The orc wizard barely misses you.
You barely miss the orc wizard.
The orc wizard is heavily wounded.
The orc wizard hits you but does no damage.
You closely miss the orc wizard.
The orc wizard is heavily wounded.
The orc wizard barely misses you.
You hit the orc wizard. You freeze the orc wizard.
The orc wizard is almost dead.
You hit the orc wizard. You freeze the orc wizard.
You kill the orc wizard!
You hit the orc. You freeze the orc.
The orc is moderately wounded.
The orc hits you but does no damage.
You hit the orc. You freeze the orc.
The orc is heavily wounded.
The orc hits you but does no damage.
You closely miss the orc.
The orc is heavily wounded.
The orc misses you.
You hit the orc. You freeze the orc.
You kill the orc!
You closely miss something. Your bite misses something.
You barely miss something. Something hits you.
You barely miss something. Something hits you.
You are electrocuted!!
* * * LOW HITPOINT WARNING * * *
You hit something but do no damage. Something hits you but does no damage.
You hit something. You freeze something. Your punch misses something.
Something hits you but does no damage.
You are electrocuted!!
You die...

#..>...### #
#.######
##.# #..#
#.## #.#
##.# #.##
#@# #{#
#.......#
#......##
#......
.......
.......
#...........
##..##.
#...........
#.# ##o.
#...........


There were no monsters in sight!

Vanquished Creatures
  Pikel (D:4)
  2 ogres (D:4)
  A lemure (D:3)
  A scorpion (D:4)
  A howler monkey (D:4)
  A hound (D:3)
  An iguana (D:4)
  2 orc wizards
  5 gnolls
  8 adders
  2 worms
  A dart slug (D:1)
  8 orcs
  8 ball pythons
  7 bats
  An endoplasm (D:3)
  A giant cockroach (D:1)
  6 goblins
  4 hobgoblins
  4 jackals (D:3)
  A frilled lizard (D:3)
  4 kobolds
  5 rats
75 creatures vanquished.

Vanquished Creatures (collateral kills)
  A gnoll (D:2)
1 creature vanquished.

Vanquished Creatures (others)
  A gnoll (D:2)
1 creature vanquished.

Grand Total: 77 creatures vanquished

Notes
Turn   | Place    | Note
-------+----------+-------------------------------------------
     0 | D:1      | cforsyth the Gnoll Artificer began the quest for the Orb.
     0 | D:1      | Reached XP level 1. HP: 17/17 MP: 1/1
   361 | D:1      | Reached XP level 2. HP: 23/23 MP: 2/2
  1126 | D:2      | Reached XP level 3. HP: 16/28 MP: 3/3
  1281 | D:2      | Reached skill level 1 in Invocations
  1354 | D:2      | Reached skill level 1 in Short Blades
  1354 | D:2      | Reached skill level 1 in Long Blades
  1354 | D:2      | Reached skill level 1 in Axes
  1354 | D:2      | Reached skill level 1 in Maces & Flails
  1354 | D:2      | Reached skill level 1 in Polearms
  1354 | D:2      | Reached skill level 1 in Staves
  1354 | D:2      | Reached skill level 1 in Ranged Weapons
  1354 | D:2      | Reached skill level 1 in Throwing
  1354 | D:2      | Reached skill level 1 in Shields
  1354 | D:2      | Reached skill level 1 in Unarmed Combat
  1354 | D:2      | Reached skill level 1 in Spellcasting
  1495 | D:2      | Reached XP level 4. HP: 17/34 MP: 5/5
  2268 | D:2      | Reached skill level 1 in Conjurations
  2268 | D:2      | Reached skill level 1 in Hexes
  2268 | D:2      | Reached skill level 1 in Summonings
  2268 | D:2      | Reached skill level 1 in Necromancy
  2268 | D:2      | Reached skill level 1 in Translocations
  2268 | D:2      | Reached skill level 1 in Transmutations
  2268 | D:2      | Reached skill level 1 in Fire Magic
  2268 | D:2      | Reached skill level 1 in Ice Magic
  2268 | D:2      | Reached skill level 1 in Air Magic
  2268 | D:2      | Reached skill level 1 in Earth Magic
  2268 | D:2      | Reached skill level 1 in Poison Magic
  2268 | D:2      | Reached skill level 1 in Shapeshifting
  2518 | D:3      | Found an ancient bone altar of Kikubaaqudgha.
  2575 | D:3      | Found an iron altar of Okawaru.
  2619 | D:3      | Reached XP level 5. HP: 40/40 MP: 5/7
  3054 | D:4      | Found a blossoming altar of Fedhas.
  3691 | D:4      | Found a glowing golden altar of the Shining One.
  3772 | D:4      | Reached XP level 6. HP: 36/47 MP: 8/8
  4147 | D:4      | Reached skill level 5 in Armour
  4338 | D:4      | Noticed Pikel
  5042 | D:4      | HP: 1/47 [ogre/+0 giant club (14)]
  5347 | D:4      | Reached skill level 7 in Evocations
  5347 | D:4      | Reached XP level 7. HP: 52/52 MP: 10/10
  5350 | D:4      | Found a sparkling altar of Nemelex Xobeh.
  5543 | D:4      | Killed Pikel
  5544 | D:4      | Reached XP level 8. HP: 24/60 MP: 10/12
  5792 | D:5      | Entered Level 5 of the Dungeon
  5859 | D:5      | Noticed Edmund
  6044 | D:5      | Mangled by an orc wizard

Illustrated notes

Levels and vault maps discovered:
D:1:      roderic_chinese_lattice_arrival, layout_basic, minmay_misc_feat_roman
D:2:      layout_basic
D:3:      layout_loops_cross, general_overflow_altar, okawaru_gym_becter
D:4:      layout_gridville, marbit_many_paths, fedhas_altar_3, tso_oasis_becter,
          saegor_snake_ambush, uniq_pikel
D:5:      layout_cave_pods, uniq_edmund

Skill      XL: |  1  2  3  4  5  6  7  8 |
---------------+-------------------------+-----
Invocations    | 1 2 3 |  3.4
Short Blades   | 1 2 3 |  3.1
Long Blades    | 1 2 3 |  3.1
Axes           | 1 2 3 |  3.1
Maces & Flails | 1 2 3 |  3.1
Polearms       | 1 2 3 |  3.1
Staves         | 1 2 3 |  3.1
Ranged Weapons | 1 2 3 |  3.1
Throwing       | 1 2 3 |  3.1
Shields        | 1 2 3 |  3.1
Unarmed Combat | 1 2 3 |  3.1
Spellcasting   | 1 2 3 |  3.1
Conjurations   | 1 2 |  2.5
Hexes          | 1 2 |  2.5
Summonings     | 1 2 |  2.5
Necromancy     | 1 2 |  2.5
Translocations | 1 2 |  2.5
Transmutations | 1 2 |  2.5
Fire Magic     | 1 2 |  2.5
Ice Magic      | 1 2 |  2.5
Air Magic      | 1 2 |  2.5
Earth Magic    | 1 2 |  2.5
Poison Magic   | 1 2 |  2.5
Shapeshifting  | 1 2 |  2.5
Fighting       | 3 4 |  4.1
Dodging        | 3 4 |  4.1
Stealth        | 3 4 |  4.0
Armour         | 5 |  5.6
Evocations     | 7 |  7.3

Action                     |  1- 3 |  4- 6 |  7- 9 || total
---------------------------+-------+-------+-------++-------
  Melee: Club              |   107 |    13 |       ||   120
         Bite              |    11 |    26 |     4 ||    41
         Punch             |     2 |     4 |     2 ||     8
         Dagger            |       |   267 |    55 ||   322
  Evoke: Wand              |     3 |    15 |     4 ||    22
   Stab: Sleeping          |     2 |     9 |       ||    11
 Armour: Leather armour    |    34 |    68 |    15 ||   117
  Dodge: Dodged            |   100 |   155 |    17 ||   272

Table legend: (Time is in decaauts)
 A = Elapsed time spent in this place.
 B = Non-inter-level travel time spent in this place.
 C = Inter-level travel time spent in this place.
 D = Time resting spent in this place.
 E = Time spent auto-exploring this place.
 F = Levels seen in this place.
 G = Mean time per level.
                   A        B        C        D        E       F      G
               +--------+--------+--------+--------+--------+-----+--------+
         Total |   6073 |   5758 |    315 |    740 |   4023 |   5 | 1214.6 |
       Dungeon |   6073 |   5758 |    315 |    740 |   4023 |   5 | 1214.6 |
               +--------+--------+--------+--------+--------+-----+--------+

Top non-repeatable levels by time:
     D:4: 1999 daAuts
     D:3: 1542 daAuts
     D:1: 1192 daAuts
     D:2: 1159 daAuts
     D:5: 180 daAuts
